 Dungeon Crawl Stone Soup version 0.29-a0-772-ga24da20 (webtiles) character file.

Game seed: 16842795568958854688

373 Illumine the Chopper (level 7, -4/60 HPs)
             Began as a Meteoran Fighter on July 1, 2022.
             Succumbed to a gnoll sergeant's poison
             ... on level 4 of the Dungeon.
             The game lasted 00:02:42 (1883 turns).

Illumine the Chopper (Meteoran Fighter)             Turns: 1883, Time: 00:02:43

Health: -4/60      AC:  7    Str: 19    XL:     7   Next: 23%
Magic:  8/8        EV: 10    Int:  9    God:
Gold:   195        SH:  5    Dex: 15    Spells: 6/6 levels left

rFire   . . .      SeeInvis .   a - +0 war axe
rCold   . . .      Faith    .   c - +0 buckler
rNeg    . . .      Spirit   .   b - +0 scale mail
rPois   .          Reflect  .   (no helmet)
rElec   .          Harm     .   (no cloak)
rCorr   .          Rampage  .   (no gloves)
Will    .....                   (no boots)
Stlth   ..........              h - amulet of magic regeneration
HPRegen 0.20/turn               (no ring)
MPRegen 0.51/turn               (no ring)

@: lethally poisoned (-4 -> -26), glowing
A: sense surroundings 1, otherworldly, glowing, explore regen
a: no special abilities


You were on level 4 of the Dungeon.
You visited 1 branch of the dungeon, and saw 5 of its levels.

You collected 195 gold pieces.

Inventory:

Hand Weapons
 a - a +0 war axe (weapon)
Missiles
 f - a throwing net (quivered)
Armour
 b - a +0 scale mail (worn)
 c - a +0 buckler (worn)
Jewellery
 h - an amulet of magic regeneration (around neck)
 q - a ring of wizardry
Wands
 l - a wand of iceblast (3)
 n - a wand of light (9)
Scrolls
 e - 2 scrolls of identify {unknown}
 g - a scroll of amnesia {unknown}
 i - a scroll of teleportation {unknown}
 j - a scroll of magic mapping {unknown}
 k - a scroll of fog {unknown}
 m - a scroll of poison {unknown}
 o - a scroll of enchant armour {unknown}
 p - a scroll of acquirement {unknown}
Potions
 d - a potion of might


   Skills:
 + Level 4.9 Fighting
 * Level 6.1 Axes
 - Level 4.1 Armour
 + Level 2.7 Dodging
 - Level 4.0 Shields


You had 6 spell levels left.
You didn't know any spells.
Your spell library contained the following spells:

 Spells                   Type           Power      Damage    Failure   Level
 Tukima's Dance           Hex            0%         N/A       99%         3
 Passage of Golubria      Tloc           0%         N/A       100%        4
 Yara's Violent Unravell  Hex/Tmut       0%         3d3       100%        5


Dungeon Overview and Level Annotations

Branches:
Dungeon (5/15) Zot: 1038
 Temple: D:4-7

Altars:
Fedhas
Uskayaw
Yredelemnul


Innate Abilities, Weirdness & Mutations

You passively map a small area around you.
You are easily found by Zot.
You glow in the dark.
You regain HP and MP as you explore.


Message History

The orc shouts!
You hear a shout!
You slash the orc!
You kill the orc!
No target in view!
Things that are here:
a +0 hand axe; a +0 scale mail No target in view!
Okay, then.
There is a stone staircase leading down here.
You climb downwards.
The gnoll sergeant shouts!
The gnoll shouts! x3
Found a scroll labelled YCZOZI GEOL and 11 gold pieces.
Found a stone staircase leading up.
There is a stone staircase leading up here.
The gnoll hits you from afar with a +0 halberd!
You climb upwards.
The orc shouts!
There is a stone staircase leading down here.
An orc is nearby!
You climb downwards.
The gnoll hits you with a +0 flail.
There is a stone staircase leading up here.
You slash the gnoll!
The gnoll is almost dead.
You hit the gnoll but do no damage.
The gnoll sergeant hits you from afar with a +5 trident of venom!
You are poisoned.
The gnoll hits you from afar with a +0 halberd!
The gnoll misses you.
You feel very sick.
The gnoll sergeant hits you from afar with a +5 trident of venom!
* * * LOW HITPOINT WARNING * * *
You are lethally poisoned!
The gnoll hits you with a +0 club.
* * * LOW HITPOINT WARNING * * *
You block the gnoll's attack. The gnoll hits you with a +0 flail.
* * * LOW HITPOINT WARNING * * *
The gnoll hits you from afar with a +0 halberd!
* * * LOW HITPOINT WARNING * * *
You climb upwards.
You die...

#### ####......#######.### #####
...## #.^...<...>.......#♣♣♣♣♣♣♣#
##..###.##########.####.#♣..#..♣#
........##########.# #.#♣.#.#.♣#
.....#.<.##........# #.'.#.#.#†'
##..........#############♣.#.#†♣#
##..#####.##..........# ♣..#..♣
....# #.##...g......# ♣♣♣♣♣♣♣
###.# #>##....@g....# ### #.#
#.##.....o....# #.## #.#*
#.##...[......# ##..##
#..####.#####.##.########....# #
##....#.# ##.##.)........#### #
###....###........####### ###
*#........####..# ..#
#....#....###.# #.# ###.......#
#.#


You could see 2 gnolls and an orc.

Vanquished Creatures
  A phantom (D:4)
  A howler monkey (D:4)
  2 iguanas (D:4)
  A scorpion zombie (D:3)
  4 gnolls (D:2)
  9 adders
  2 adder zombies (D:3)
  A worm (D:2)
  3 dart slugs
  3 orcs (D:4)
  2 ball pythons
  3 endoplasms
  3 giant cockroaches
  4 goblins
  4 hobgoblins
  4 quokkas
  A ball python zombie (D:3)
  A bat (D:1)
  A frilled lizard (D:1)
  A kobold (D:3)
  4 rats
55 creatures vanquished.

Notes
Turn   | Place    | Note
-------+----------+-------------------------------------------
     0 | D:1      | Illumine the Meteoran Fighter began the quest for the Orb.
     0 | D:1      | Reached XP level 1. HP: 19/19 MP: 2/2
    55 | D:1      | Reached XP level 2. HP: 26/26 MP: 3/3
   168 | D:1      | Reached skill level 3 in Axes
   286 | D:2      | Reached XP level 3. HP: 3/31 MP: 4/4
   490 | D:2      | Reached XP level 4. HP: 40/40 MP: 5/5
   501 | D:2      | Reached skill level 4 in Axes
   523 | D:2      | Found a faded altar of an unknown god.
   754 | D:3      | Reached XP level 5. HP: 43/46 MP: 6/6
   830 | D:3      | Found a blossoming altar of Fedhas.
   933 | D:3      | Found a basalt altar of Yredelemnul.
   959 | D:3      | Reached skill level 1 in Dodging
  1243 | D:3      | Found a hide-covered altar of Uskayaw.
  1313 | D:3      | Reached XP level 6. HP: 33/52 MP: 7/7
  1405 | D:4      | Reached skill level 5 in Axes
  1804 | D:4      | Reached skill level 6 in Axes
  1804 | D:4      | Reached XP level 7. HP: 57/60 MP: 8/8
  1876 | D:5      | Entered Level 5 of the Dungeon
  1882 | D:5      | HP: 3/60 [gnoll/+0 halberd[a gnoll sergeant] (12)]
  1883 | D:4      | Succumbed to a gnoll sergeant's poison

Illustrated notes

Levels and vault maps discovered:
D:1:      amcnicky_arrival_flooded_fountain, layout_rooms
D:2:      layout_basic, ebering_ecumenical_altar_petrified, minmay_crystal_water
D:3:      layout_basic, mainiacjoe_overflow_catch_the_wave,
          nicolae_yredelemnul_corpse_copse, grunt_ministairs_6,
          chequers_serial_rivers_micro_c, bh_walls_and_bars
D:4:      layout_rooms, kennysheep_generic_room_10
D:5:      kennysheep_six_static_rooms, layout_gridville,
          nicolae_ashenzari_skybound,
          nicolae_gozag_cash_rules_everything_around_me, amcnicky_altar_gilded,
          minmay_circle_x

Skill      XL: |  1  2  3  4  5  6 |
---------------+-------------------+-----
Axes           | 3 4 6 |  6.1
Shields        | 4 |  4.0
Armour         | 4 |  4.1
Fighting       | 4 |  4.9
Dodging        | 1 2 |  2.7

Action                   |  1- 3 |  4- 6 |  7- 9 || total
-------------------------+-------+-------+-------++-------
Melee: War axe           |    54 |   187 |     7 ||   248
  Use: Potion            |     1 |       |       ||     1
Armor: Scale mail        |    32 |   100 |     2 ||   134
       Skin              |     4 |       |       ||     4
Dodge: Dodged            |    24 |    76 |     2 ||   102
Block: Buckler           |    14 |    46 |     3 ||    63

Table legend: (Time is in decaauts)
 A = Elapsed time spent in this place.
 B = Non-inter-level travel time spent in this place.
 C = Inter-level travel time spent in this place.
 D = Time resting spent in this place.
 E = Time spent auto-exploring this place.
 F = Levels seen in this place.
 G = Mean time per level.
                   A        B        C        D        E       F      G
               +--------+--------+--------+--------+--------+-----+--------+
         Total |   1961 |   1865 |     96 |    139 |   1169 |   5 |  392.2 |
       Dungeon |   1961 |   1865 |     96 |    139 |   1169 |   5 |  392.2 |
               +--------+--------+--------+--------+--------+-----+--------+

Top non-repeatable levels by time:
     D:3: 657 daAuts
     D:4: 532 daAuts
     D:2: 529 daAuts
     D:1: 236 daAuts
     D:5: 5 daAuts
